 Dungeon Crawl Stone Soup version 0.19.1-1-g22dce08 (webtiles) character file.

499 esteth the Chiller (level 7, 0/46 HPs)
             Began as a Merfolk Ice Elementalist on Jan 8, 2017.
             Was a Follower of Sif Muna.
             Slain by an ice beast (9 damage)
             ... on level 4 of the Dungeon.
             The game lasted 00:11:30 (3362 turns).

esteth the Chiller (Merfolk Ice Elementalist)       Turns: 3362, Time: 00:11:31

Health: 0/46       AC:  4    Str:  9    XL:     7   Next: 16%
Magic:  13/22      EV: 13    Int: 16    God:    Sif Muna [*.....]
Gold:   214        SH:  0    Dex: 14    Spells: 2 memorised, 9 levels left

rFire  . . .     SeeInvis .     q - +2 dagger (venom)
rCold  . . .     Gourm    .     m - +1 robe {MR+}
rNeg   . . .     Faith    .     (no shield)
rPois  .         Spirit   .     (no helmet)
rElec  .         Reflect  .     r - +0 cloak (curse)
rCorr  .         Harm     .     (no gloves)
MR     +....                    (no boots)
Stlth  ++........               (no amulet)
                                (no ring)
                                n - ring of magical power

@: very slightly contaminated
A: change form in water, swift swim, stealthy swim
a: Divine Energy, Renounce Religion


You were on level 4 of the Dungeon.
You worshipped Sif Muna.
Sif Muna was aware of your devotion.
You were hungry.

You visited 1 branch of the dungeon, and saw 4 of its levels.

You collected 214 gold pieces.

Inventory:

Hand Weapons
 q - a +2 dagger of venom (weapon)
Armour
 a - a +0 robe
 m - a +1 robe of magic resistance (worn)
 r - a cursed +0 cloak (worn)
Jewellery
 n - a ring of magical power (left hand)
Scrolls
 e - a scroll of blinking
 i - a scroll of fear
 o - a scroll of immolation {unknown}
 p - 5 scrolls of identify {unknown}
 t - a scroll of noise {unknown}
Potions
 g - a potion of flight {unknown}
 h - 2 potions of lignification {unknown}
 j - 2 potions of heal wounds {unknown}
 k - a potion of agility {unknown}
 s - 2 potions of curing {unknown}
 u - a potion of berserk rage {unknown}
Books
 b - a book of Frost

   Spells                             Type                      Level
   a - Freeze                         Ice                          1
   b - Throw Frost                    Conjuration/Ice              2
   c - Ozocubu's Armour               Charms/Ice                   3
   d - Throw Icicle                   Conjuration/Ice              4
   e - Summon Ice Beast               Ice/Summoning                4
Comestibles
 c - 3 bread rations {@e1}
 d - 6 fruits
 l - a beef jerky


   Skills:
 - Level 2.6 Dodging
 - Level 2.1 Stealth
 + Level 4.3 Spellcasting
   Level 0.7 Conjurations
 + Level 3.8 Summonings
 - Level 5.7 Ice Magic


You had 9 spell levels left.
You knew the following spells:

 Your Spells              Type           Power        Failure   Level  Hunger
a - Freeze                Ice            ###.         1%          1    None
b - Summon Ice Beast      Ice/Summ       ###.....     28%         4    ####...


Dungeon Overview and Level Annotations

Branches:
Dungeon (4/15)
 Temple: D:4-7

Altars:
Makhleb
Sif Muna
Xom

Annotations:
D:3 1 exclusion, Grinder
D:4 Duvessa


Message History

Duvessa misses you.
Okay, then.
You hit Duvessa but do no damage.
Duvessa is poisoned.
Duvessa hits you with a short sword. Duvessa closely misses you.
Your ice beast hits Duvessa but does no damage.
You hit Duvessa but do no damage.
Duvessa looks even sicker.
Duvessa hits you with a short sword!
* * * LOW HITPOINT WARNING * * *
Your ice beast completely misses Duvessa.
You completely miss Duvessa. Duvessa misses you.
The ice beast barely misses you. Duvessa hits you but does no damage.
Your ice beast hits Duvessa but does no damage.
You hit Duvessa but do no damage.
Duvessa looks as sick as possible!
Duvessa is lightly wounded.
Duvessa hits you with a short sword.
* * * LOW HITPOINT WARNING * * *
The ice beast hits you.
* * * LOW HITPOINT WARNING * * *
The ice beast freezes you!
You die...

#.####..###............ #.#
#.## ###..#.###.## ####.# #.#
#.###.....# ##....# #.#
##.#.###..# #.....####.#
##.####..# #..........#
#.......# #.....######
#####...# ##....###############
#...#######
##.#.#........Y@eY.#
#..........
#.#.#(###########.###.#.#######
#.%.#.# #.........# ####
#.###.# #.#.###.#.###.... #.#
#.# #.#.# #.#........
#.###.####### # #.# #.#........
#....#......# #.# #.#####.###
#.###.#####.# #.# #.# .# #.#
#.# #.# #.# .#


You could see Duvessa (berserk), an ice beast and a friendly ice beast.

Vanquished Creatures
  A sky beast (D:4)
  A centaur (D:3)
  Dowan (D:4)
  A scorpion (D:4)
  A hound (D:2)
  Natasha (thrice) (D:3)
  5 adders
  3 oozes
  2 worms
  2 dart slugs
  2 leopard geckos (D:3)
  5 bats
  3 giant cockroaches
  7 goblins
  6 hobgoblins
  3 jackals (D:2)
  3 ball pythons
  8 frilled lizards
  7 kobolds
  11 rats
75 creatures vanquished.

Notes
Turn   | Place    | Note
-------+----------+-------------------------------------------
     0 | D:1      | esteth the Merfolk Ice Elementalist began the quest for the Orb.
     0 | D:1      | Reached XP level 1. HP: 13/13 MP: 3/3
   353 | D:1      | Reached XP level 2. HP: 19/19 MP: 3/5
   355 | D:1      | Reached skill level 4 in Ice Magic
   866 | D:2      | Reached XP level 3. HP: 24/24 MP: 6/6
  1039 | D:2      | Reached skill level 5 in Ice Magic
  1197 | D:2      | Found a deep blue altar of Sif Muna.
  1220 | D:2      | Became a worshipper of Sif Muna the Loreminder
  1388 | D:2      | Reached XP level 4. HP: 30/30 MP: 7/7
  1419 | D:2      | Found a burning altar of Makhleb.
  1552 | D:2      | Learned a level 4 spell: Summon Ice Beast
  1919 | D:2      | Found a shimmering altar of Xom.
  1943 | D:2      | Reached XP level 5. HP: 35/35 MP: 8/8
  2125 | D:3      | Noticed Grinder
  2130 | D:3      | Noticed a centaur
  2175 | D:3      | Killed a centaur
  2593 | D:3      | Found a faded altar of an unknown god.
  2619 | D:3      | Reached * piety under Sif Muna
  2631 | D:3      | Noticed Natasha
  2637 | D:3      | Killed Natasha
  2637 | D:3      | Reached XP level 6. HP: 36/41 MP: 11/11
  2776 | D:3      | Noticed Natasha
  2783 | D:3      | Killed Natasha
  2840 | D:3      | Noticed Natasha
  2851 | D:3      | Killed Natasha
  3040 | D:4      | Noticed a sky beast
  3046 | D:4      | Killed a sky beast
  3260 | D:4      | Reached XP level 7. HP: 46/46 MP: 13/13
  3269 | D:4      | Noticed Dowan
  3297 | D:4      | Killed Dowan
  3341 | D:4      | Noticed Duvessa
  3362 | D:4      | Slain by an ice beast

Skill      XL: |  1  2  3  4  5  6 |
---------------+-------------------+-----
Ice Magic      | 4 5 |  5.7
Spellcasting   | 3 4 |  4.3
Summonings     | 2 3 |  3.8
Dodging        | |  2.6
Stealth        | |  2.1
Conjurations   | |  0.7

Action                   |  1- 3 |  4- 6 |  7- 9 || total
-------------------------+-------+-------+-------++-------
Melee: Unarmed           |     7 |     1 |       ||     8
       Dagger            |       |     4 |     4 ||     8
       Club              |       |     2 |       ||     2
 Cast: Freeze            |    46 |    84 |     7 ||   137
       Summon Ice Beast  |       |       |     1 ||     1
  Use: Scroll            |       |     4 |       ||     4
 Stab: Distracted        |       |     1 |       ||     1
  Eat: Chunk             |     2 |     7 |       ||     9
Armor: Robe              |    13 |     8 |     2 ||    23
Dodge: Dodged            |    35 |    34 |     7 ||    76
